 Dungeon Sprint DCSS version 0.31-a0-1-g4198be8af4 (webtiles) character file.

Game seed: 12112745903906515063

3891 rocky1 the Geomancer (level 10, -9/63 HPs)
             Began as a Deep Elf Earth Elementalist on May 1, 2023.
             Was a High Priest of Sif Muna.
             Mangled by a vampire (11 damage)
             ... while paralysed by a hornet
             ... in the Dungeon (Sprint VII: "The Pits").
             The game lasted 00:09:28 (2007 turns).

rocky1 the Geomancer (Deep Elf Earth Elementalist)  Turns: 2007, Time: 00:09:28

Health: -9/63      AC:  3    Str:  5    XL:     10   Next: 0%
Magic:  20/28      EV:  2    Int: 28    God:    Sif Muna [*****.]
Gold:   0          SH:  0    Dex: 15    Spells: 20/33 levels left

rFire   . . .        r - +2 scimitar (protect)
rCold   . . .        (no shield)
rNeg    . . .        a - +0 robe
rPois   .            (no helmet)
rElec   .            p - +0 cloak
rCorr   .            (no gloves)
SInv    .            (no boots)
Will    +....        (no amulet)
Stlth   ++           m - +3 ring of evasion
HPRegen 0.30/turn    n - +3 ring of intelligence
MPRegen 0.21/turn

%: no teleportation
@: paralysed, lethally poisoned (-9 -> -14), slowed
A: no striking features
a: Renounce Religion, Channel Magic, Forget Spell, Divine Exegesis


You were in the Dungeon.
You worshipped Sif Muna.
Sif Muna was extremely pleased with you.
You visited 1 branch

Inventory:

Hand Weapons
 q - a +4 quarterstaff of speed
 r - a +2 scimitar of protection (weapon)
Armour
 a - a +0 robe (worn)
 p - a +0 cloak (worn)
Jewellery
 m - a +3 ring of evasion (left hand)
 n - a +3 ring of intelligence (right hand)
Wands
 l - a wand of digging (5)
Scrolls
 i - 5 scrolls of amnesia
Potions
 b - 6 potions of magic
 c - 9 potions of curing
 d - 8 potions of heal wounds
 e - 3 potions of haste
 f - 3 potions of berserk rage
 h - 2 potions of invisibility
 o - a potion of brilliance


   Skills:
 + Level 7.4 Fighting
 - Level 2.4 Dodging
 - Level 2.4 Stealth
 + Level 12.1 Spellcasting
 * Level 13.6 Conjurations
 - Level 1.1 Transmutations
 * Level 14.1 Earth Magic
 + Level 9.6 Invocations


You had 20 spell levels left.
You knew the following spells:

 Your Spells              Type           Power      Damage    Failure   Level
a - Sandblast             Erth           100%       2d20      0%          1
b - Stone Arrow           Conj/Erth      100%       3d13      1%          3
c - Iskenderun's Mystic   Conj/Tloc      53%        2d11      1%          4
d - Borgnjor's Vile Clut  Necr/Erth      27%        N/A       4%          5

Your spell library contained the following spells:

 Spells                   Type           Power      Damage    Failure   Level
 Beastly Appendage        Tmut           46%        N/A       1%          1
 Shock                    Conj/Air       100%       1d9       1%          1
 Passwall                 Tmut/Erth      46%        N/A       1%          2
 Static Discharge         Conj/Air       100%       2-7/arc   1%          2
 Dazzling Flash           Conj/Hex       100%       N/A       1%          3
 Flame Wave               Conj/Fire      53%        2d13      1%          4
 Petrify                  Tmut/Erth      56%        N/A       1%          4
 Wereblood                Tmut           23%        N/A       3%          2
 Spider Form              Tmut/Pois      20%        N/A       8%          3


Dungeon Overview and Level Annotations

Branches:
Dungeon (1/1)

Altars:
Ashenzari
Cheibriados
Dithmenos
Elyvilon
Fedhas
Gozag
Hepliaklqana
Kikubaaqudgha
Makhleb
Nemelex Xobeh
Okawaru
Qazlal
Ru
Sif Muna
Trog
Uskayaw
Vehumet
Wu Jian
Xom
Yredelemnul
Zin
The Shining One
Jiyva
Lugonu


Message History

A hornet comes into view.
The hornet buzzes angrily.
Aiming: Stone Arrow (safe; 1% risk of failure)
Press: ? - help, Q - select action, (/) - cycle Shift-Dir - straight line, f - you
Okay, then.
Aiming: Stone Arrow (safe; 1% risk of failure)
Press: ? - help, Q - select action, (/) - cycle Shift-Dir - straight line, f - you
Okay, then.
Aiming: Stone Arrow (safe; 1% risk of failure)
Press: ? - help, Q - select action, (/) - cycle Shift-Dir - straight line, f - hornet
Aim: a hornet (66% to hit)
The stone arrow hits the hornet!!
The hornet is heavily wounded.
Unknown command.
Aiming: Stone Arrow (safe; 1% risk of failure)
Press: ? - help, Q - select action, (/) - cycle Shift-Dir - straight line, f/p - hornet
Aim: a hornet (heavily wounded, 66% to hit)
The stone arrow hits the hornet!
The hornet is almost dead.
The hornet stings you.
You feel yourself slow down.
Aiming: Stone Arrow (safe; 1% risk of failure)
Press: ? - help, Q - select action, (/) - cycle Shift-Dir - straight line, f/p - hornet
Aim: a hornet (almost dead, 66% to hit)
The stone arrow misses the hornet.
The stone arrow hits the vampire!
The vampire is moderately damaged.
The hornet stings you!
You suddenly lose the ability to move!
The hornet stings you.
You feel as though you will be slow longer.
The hornet stings you but does no damage.
The hornet stings you!
You are poisoned.
You feel as though you will be slow longer.
The vampire hits you! The vampire bites you!
* * * LOW HITPOINT WARNING * * *
The vampire draws strength from your injuries!
You feel sick. The hornet stings you!
* * * LOW HITPOINT WARNING * * *
You feel as though you will be slow longer.
The vampire hits you!
You die...

#########################
................@y.......
.................V.......
##############++#########
# # # # # #


You could see a hornet and a vampire.

Vanquished Creatures
  3 death yaks (D)
  A cyclops (D)
  A freezing wraith (D)
  A kobold demonologist (D)
  A tyrant leech (D)
  A tarantella (D)
  Sigmund (D)
  A flying skull (D)
  Edmund (D)
  A floating eye (D)
  An ice beast (D)
  An ogre (D)
  A bullfrog (D)
  An earth elemental (D)
  A gnoll bouda (D)
  An iguana (D)
  6 gnolls (D)
  A river rat (D)
  2 ufetubi (D)
  A worm (D)
  A bat zombie (D)
  A bat (D)
  2 frilled lizards (D)
  2 goblins (D)
  A quokka skeleton (D)
35 creatures vanquished.

Notes
Turn   | Place    | Note
-------+----------+-------------------------------------------
     0 | D        | rocky1 the Deep Elf Earth Elementalist began the quest for
                  | the Orb.
     0 | D        | Reached XP level 1. HP: 10/10 MP: 6/6
    19 | D        | Found a bloodstained altar of Trog.
    19 | D        | Found a shimmering blue altar of Sif Muna.
    19 | D        | Found a viscous altar of Jiyva.
    19 | D        | Found a hazy altar of Hepliaklqana.
    19 | D        | Found an opulent altar of Gozag.
    20 | D        | Found a glowing golden altar of the Shining One.
    20 | D        | Found a glowing silver altar of Zin.
    20 | D        | Found a basalt altar of Yredelemnul.
    20 | D        | Found a shimmering altar of Xom.
    20 | D        | Found an ornate altar of the Wu Jian Council.
    20 | D        | Found a sacrificial altar of Ru.
    20 | D        | Found a stormy altar of Qazlal.
    20 | D        | Found an iron altar of Okawaru.
    20 | D        | Found a sparkling altar of Nemelex Xobeh.
    20 | D        | Found a burning altar of Makhleb.
    20 | D        | Found a blossoming altar of Fedhas.
    20 | D        | Found a white marble altar of Elyvilon.
    20 | D        | Found a shadowy altar of Dithmenos.
    20 | D        | Found a snail-covered altar of Cheibriados.
    23 | D        | Found a corrupted altar of Lugonu.
    23 | D        | Found a radiant altar of Vehumet.
    24 | D        | Found an ancient bone altar of Kikubaaqudgha.
    24 | D        | Found a hide-covered altar of Uskayaw.
    24 | D        | Found a broken altar of Ashenzari.
    25 | D        | Became a worshipper of Sif Muna the Loreminder
    56 | D        | Noticed a floating eye
    58 | D        | Killed a floating eye
    59 | D        | Reached skill level 5 in Spellcasting
    59 | D        | Reached skill level 5 in Conjurations
    59 | D        | Reached skill level 6 in Earth Magic
    59 | D        | Reached XP level 2. HP: 18/18 MP: 5/10
    59 | D        | Reached XP level 3. HP: 22/22 MP: 5/11
    59 | D        | Reached XP level 4. HP: 27/27 MP: 5/13
    64 | D        | Learned a level 3 spell: Stone Arrow
   131 | D        | Reached * piety under Sif Muna
   156 | D        | Noticed Sigmund
   161 | D        | Reached ** piety under Sif Muna
   174 | D        | Killed Sigmund
   175 | D        | Reached skill level 8 in Earth Magic
   175 | D        | Reached skill level 5 in Invocations
   175 | D        | Reached XP level 5. HP: 17/33 MP: 6/16
   175 | D        | Reached XP level 6. HP: 19/38 MP: 6/17
   257 | D        | Noticed an ice beast
   261 | D        | Killed an ice beast
   408 | D        | Reached *** piety under Sif Muna
   529 | D        | Noticed a flying skull
   538 | D        | Reached skill level 9 in Earth Magic
   542 | D        | Killed a flying skull
   543 | D        | Reached XP level 7. HP: 38/44 MP: 0/20
   666 | D        | Reached **** piety under Sif Muna
   812 | D        | Noticed a tyrant leech
   816 | D        | Killed a tyrant leech
   817 | D        | Reached skill level 5 in Fighting
   817 | D        | Reached skill level 10 in Earth Magic
   891 | D        | Noticed Edmund
   893 | D        | Reached skill level 10 in Conjurations
   893 | D        | Reached ***** piety under Sif Muna
   898 | D        | Killed Edmund
   898 | D        | Received a gift from Sif Muna
  1025 | D        | Noticed a freezing wraith
  1034 | D        | Reached XP level 8. HP: 21/50 MP: 23/23
  1035 | D        | Killed a freezing wraith
  1036 | D        | Reached skill level 11 in Earth Magic
  1238 | D        | Noticed a tarantella
  1245 | D        | Killed a tarantella
  1245 | D        | Received a gift from Sif Muna
  1246 | D        | Reached skill level 10 in Spellcasting
  1248 | D        | Got Sif Muna's Guidebook on Posthumous Blows {god gift}
  1337 | D        | Learned a level 4 spell: Iskenderun's Mystic Blast
  1343 | D        | Learned a level 5 spell: Borgnjor's Vile Clutch
  1351 | D        | Noticed a kobold demonologist
  1425 | D        | Killed a kobold demonologist
  1426 | D        | Reached skill level 12 in Earth Magic
  1510 | D        | Noticed a cyclops
  1523 | D        | Killed a cyclops
  1524 | D        | Reached XP level 9. HP: 56/56 MP: 15/25
  1682 | D        | Noticed a death yak
  1683 | D        | Noticed a death yak
  1683 | D        | Noticed a death yak
  1688 | D        | Killed a death yak
  1689 | D        | Reached skill level 13 in Earth Magic
  1711 | D        | Killed a death yak
  1725 | D        | Killed a death yak
  1726 | D        | Reached skill level 14 in Earth Magic
  1726 | D        | Reached XP level 10. HP: 39/63 MP: 3/28
  2005 | D        | Paralysed by a hornet for 3 turns
  2007 | D        | HP: 2/63 [hornet (12)]
  2007 | D        | Mangled by a vampire

Illustrated notes

Levels and vault maps discovered:
D:        pitsprint [storerooms_1, entrance_room_1, metal_vault_1, armoury_1,
          mini_pit_1, grid_room_1, main_hall_1, silver_pit, the_coven_3,
          the_vestibule_1, steel_vault_3, golden_pit, hallway_of_sentries,
          crystal_vault_1, iron_vault_4, final_vault]

Skill      XL: |  1  2  3  4  5  6  7  8  9 |
---------------+----------------------------+-----
Fighting       | 2 3 4 5 6 7 |  7.4
Spellcasting   | 5 6 8 9 10 12 | 12.1
Conjurations   | 5 7 9 10 12 13 | 13.6
Earth Magic    | 6 8 9 10 12 14 | 14.1
Invocations    | 3 5 6 7 8 9 |  9.6
Dodging        | |  2.4
Stealth        | |  2.4
Transmutations | |  1.1

Action                     |  1- 3 |  4- 6 |  7- 9 | 10-12 || total
---------------------------+-------+-------+-------+-------++-------
  Melee: Scimitar          |       |       |     1 |       ||     1
   Cast: Sandblast         |     4 |    12 |       |       ||    16
         Stone Arrow       |       |    10 |    57 |     3 ||    70
         Borgnjor's Vile C |       |       |     1 |       ||     1
 Invoke: Channel Magic     |       |       |     2 |       ||     2
    Use: Potion            |       |       |     3 |       ||     3
         Scroll            |       |       |     2 |       ||     2
 Armour: Robe              |     1 |     1 |     2 |     1 ||     5
  Dodge: Dodged            |     3 |     5 |     8 |       ||    16

Table legend: (Time is in decaauts)
 A = Elapsed time spent in this place.
 B = Non-inter-level travel time spent in this place.
 C = Inter-level travel time spent in this place.
 D = Time resting spent in this place.
 E = Time spent auto-exploring this place.
 F = Levels seen in this place.
 G = Mean time per level.
                   A        B        C        D        E       F      G
               +--------+--------+--------+--------+--------+-----+--------+
         Total |   1994 |   1888 |    106 |   1399 |      0 |   1 | 1994.0 |
       Dungeon |   1994 |   1888 |    106 |   1399 |      0 |   1 | 1994.0 |
               +--------+--------+--------+--------+--------+-----+--------+

Top non-repeatable levels by time:
       D: 1994 daAuts
